 Dungeon Sprint DCSS version 0.28.0-53-g5a82cb258f (webtiles) character file.

Game seed: 4735510541260817427

10500000 Zeld the Conqueror (level 27, -7/228 HPs)
             Began as a Djinni Monk on June 5, 2022.
             Was the Champion of Makhleb.
             Mangled by a meat beast (23 damage)
             ... in the Dungeon (Sprint VIII: "Arena of Blood").
             The game lasted 00:03:19 (105 turns).

Zeld the Conqueror (Djinni Monk)                     Turns: 105, Time: 00:03:20

Health: -7/228     AC:  4    Str: 20    XL:     27
Gold:   0          EV: 34    Int: 11    God:    Makhleb [******] SH:  0 Dex: 21

rFire   + + .      SeeInvis .   g - +∞ Axe of Woe
rCold   x . .      Faith    .   (shield currently unavailable)
rNeg    . . .      Spirit   .   a - +0 robe
rPois   ∞          Reflect  .   (no helmet)
rElec   .          Harm     .   (no cloak)
rCorr   .          Rampage  .   (no gloves)
Will    ++...      NoTele   +   (boots unavailable)
Stlth   ++++++++++              (no amulet)
HPRegen 0.48/turn               (no ring)
MPRegen 0.00/turn               (no ring)

@: marked, flying
A: sickness immunity, fire resistance 2, cold vulnerability 1, float, innate
caster, HP casting, extra vitality 1
a: Renounce Religion, Minor Destruction, Lesser Servant of Makhleb, Major
Destruction, Greater Servant of Makhleb


You were in the Dungeon.
You worshipped Makhleb.
Makhleb was exalted by your worship.
You visited 1 branch

Inventory:

Hand Weapons
 g - the +∞ Axe of Woe (weapon)
   (You found it in the Dungeon)
Armour
 a - a +0 robe (worn)
Potions
 b - a potion of curing
 d - a potion of haste
 e - a potion of berserk rage


   Skills:
 O Level 27 Fighting
 O Level 27 Short Blades
 O Level 27 Long Blades
 O Level 27 Axes
 O Level 27 Maces & Flails
 O Level 27 Polearms
 O Level 27 Staves
 O Level 27 Slings
 O Level 27 Bows
 O Level 27 Crossbows
 O Level 27 Throwing
 O Level 27 Armour
 O Level 27 Dodging
 O Level 27 Stealth
 O Level 27 Shields
 O Level 27 Unarmed Combat
 O Level 27 Spellcasting
 O Level 27 Invocations
 O Level 27 Evocations


You had 11 spell levels left.
You knew the following spells:

 Your Spells              Type           Power      Damage    Failure   Level
a - Sandblast             Erth           100%       2d20      0%          1
b - Corpse Rot            Necr/Air       100%       N/A       0%          2
c - Call Imp              Summ           65%        N/A       0%          2
d - Summon Ice Beast      Ice/Summ       65%        N/A       0%          4
e - Lightning Bolt        Conj/Air       32%        1d50      0%          5
f - Alistair's Intoxicat  Tmut/Pois      43%        N/A       0%          5
g - Statue Form           Tmut/Erth      43%        N/A       0%          6
h - Conjure Ball Lightni  Conj/Air       32%        3x3d10    0%          6
i - Simulacrum            Ice/Necr       32%        N/A       0%          6
j - Spellforged Servitor  Conj/Summ      32%        N/A       1%          7
k - Summon Hydra          Summ           32%        N/A       1%          7
l - Fire Storm            Conj/Fire      32%        8d8       3%          9
m - Polar Vortex          Ice            32%        N/A       3%          9
Your spell library was empty.

Dungeon Overview and Level Annotations

Branches:
Dungeon (1/1)

Altars:
Makhleb


Innate Abilities, Weirdness & Mutations

You are immune to sickness and miasma.
You are immune to poison.
Your flesh is very heat resistant. (rF++)
You are vulnerable to cold. (rC-)
You float through the air rather than walking.
You learn spells naturally, not from books.
Your magical power is your life essence.
You have superior vitality. (+4 MHP)


Message History

Something smites you!
* * * LOW HITPOINT WARNING * * *
You hear a shout!
A meat berserker comes into view. It is wielding a +9 battleaxe.
A bag of meat comes into view. It is wielding a +9 war axe.
The meat berserker is engulfed in blazing flames.
Unknown command.
Unknown command.
You slash the meat beast!
You slaughter the meat beast joyfully.
You kill the meat beast!
Makhleb accepts your kill.
You feel better.
You hit the destroyer but do no damage.
You dissect the destroyer like a pig carcass.
You destroy the destroyer!
Makhleb accepts your kill.
You feel better.
You hit the meat berserker.
You slaughter the meat berserker joyfully.
You kill the meat berserker!
Makhleb accepts your kill.
You hit the meat berserker.
You cleave the meat berserker in twain.
You kill the meat berserker!
Makhleb accepts your kill.
You feel better.
You are engulfed in blazing flames.
You resist.
The meat beast roars, "Embrace thy failure, thou bootless moldwarp wagtail!"
The tyrant waves its bony arms in wide circles.
The air twists around and strikes you!!
You hear a shout!
The meat berserker rages.
The large bag of meat is engulfed in blazing flames.
The tyrant is engulfed in blazing flames.
You hear a shout!
The tyrant waves its bony arms in wide circles.
The air twists around and strikes you!!!
* * * LOW HITPOINT WARNING * * *
You feel something staring at you. Something smites you!
* * * LOW HITPOINT WARNING * * *
The sculptor of flesh is engulfed in blazing flames.
The meat beast bites you!!
You die...

#.....D #.......#
...#.oo #.M2....# ..
#....o○###.......###...
.....§°)ooOo###§D......
o...#§☼z).Oo§_.o).....○
o #oo.)☼☼§#§z§Do#2..oo
V.o.o.§X.X#☼z2○☼#


OOo Oo#o...XoX#.)L§§#O2Ooo ....#oX.oOX.WO@OLOXooL .......XLXOX###2..oXOo
.....o°###o.. .VX###zo .....o. #....°.L# . #.. .Mo# ... ..{Mo ..oz LXXo ....
Xo.o You could see 3 accurseds, 4 tentacled monstrosities, 3 meat beasts, 6
tyrants, 2 eight-headed meat hydras, a destroyer, 3 sculptors of flesh, 2 large
bags of meat, 8 large abominations, a dread, 10 meat berserkers and 22 bags of
meat.

Vanquished Creatures
  Sigmund (D)
  15 hell beasts (D)
  3 royal mummies (D)
  2 great orbs of eyes (D)
  4 wraiths (D)
  14 vampire knights (D)
  40 ogres (D)
  8 two-headed ogres (D)
  3 liches (D)
  2 hydras (D)
  49 orcs (D)
  4 skeletal warriors (D)
145 creatures vanquished.

Vanquished Creatures (others)
  2 two-headed ogres (D)
  A hydra (D)
  8 orcs (D)
  2 fire vortices (D)
13 creatures vanquished.

Grand Total: 158 creatures vanquished

Notes
Turn   | Place    | Note
-------+----------+-------------------------------------------
     0 | D        | Found the +∞ Axe of Woe
     0 | D        | Zeld the Djinni Monk began the quest for the Orb.
     0 | D        | Reached XP level 1. HP: 20/20 MP: 0/0
     2 | D        | Noticed a bag of meat
     3 | D        | Noticed a bag of meat
     4 | D        | Noticed a bag of meat
     4 | D        | Became a worshipper of Makhleb the Destroyer
     4 | D        | Reached * piety under Makhleb
     4 | D        | Reached ** piety under Makhleb
     5 | D        | Noticed a bag of meat
     7 | D        | Noticed a meat berserker
     9 | D        | Killed a meat berserker
     9 | D        | Killed a bag of meat
     9 | D        | Noticed a bag of meat
     9 | D        | Noticed a bag of meat
     9 | D        | Noticed a bag of meat
    10 | D        | Reached XP level 2. HP: 45/45 MP: 0/0
    10 | D        | Reached XP level 3. HP: 50/50 MP: 0/0
    10 | D        | Learned a level 1 spell: Sandblast
    10 | D        | Reached XP level 4. HP: 57/57 MP: 0/0
    10 | D        | Reached XP level 5. HP: 62/62 MP: 0/0
    10 | D        | Learned a level 2 spell: Corpse Rot
    10 | D        | Reached XP level 6. HP: 69/69 MP: 0/0
    10 | D        | Reached XP level 7. HP: 75/75 MP: 0/0
    10 | D        | Learned a level 2 spell: Call Imp
    10 | D        | Reached XP level 8. HP: 81/81 MP: 0/0
    10 | D        | Reached XP level 9. HP: 86/86 MP: 0/0
    10 | D        | Learned a level 4 spell: Summon Ice Beast
    10 | D        | Reached XP level 10. HP: 93/93 MP: 0/0
    10 | D        | Reached XP level 11. HP: 98/98 MP: 0/0
    10 | D        | Learned a level 5 spell: Lightning Bolt
    10 | D        | Reached XP level 12. HP: 105/105 MP: 0/0
    10 | D        | Reached XP level 13. HP: 111/111 MP: 0/0
    10 | D        | Learned a level 5 spell: Alistair's Intoxication
    10 | D        | Noticed a bag of meat
    10 | D        | Noticed a bag of meat
    11 | D        | Killed a bag of meat
    11 | D        | Noticed a bag of meat
    11 | D        | Noticed a bag of meat
    12 | D        | Reached skill level 15 in Invocations
    12 | D        | Killed a bag of meat
    12 | D        | Reached *** piety under Makhleb
    12 | D        | Noticed a bag of meat
    12 | D        | Noticed a bag of meat
    13 | D        | Reached XP level 14. HP: 121/121 MP: 0/0
    13 | D        | Killed a bag of meat
    13 | D        | Noticed a bag of meat
    14 | D        | Killed a bag of meat
    14 | D        | Killed a bag of meat
    14 | D        | Reached **** piety under Makhleb
    14 | D        | Noticed a bag of meat
    15 | D        | Reached skill level 15 in Axes
    15 | D        | Reached XP level 15. HP: 130/130 MP: 0/0
    15 | D        | Learned a level 6 spell: Statue Form
    16 | D        | Noticed a meat berserker
    18 | D        | Reached ***** piety under Makhleb
    18 | D        | Noticed a meat berserker
    19 | D        | Reached skill level 15 in Spellcasting
    19 | D        | Reached XP level 16. HP: 143/143 MP: 0/0
    19 | D        | Noticed a destroyer
    20 | D        | Killed a destroyer
    21 | D        | Reached XP level 17. HP: 154/154 MP: 0/0
    21 | D        | Learned a level 6 spell: Conjure Ball Lightning
    21 | D        | Noticed a large bag of meat
    23 | D        | Killed a meat berserker
    24 | D        | Noticed a large bag of meat
    24 | D        | Noticed a destroyer
    24 | D        | Noticed a meat berserker
    24 | D        | Noticed a destroyer
    25 | D        | Noticed a meat berserker
    25 | D        | Noticed a destroyer
    26 | D        | Killed a destroyer
    26 | D        | Killed a meat berserker
    26 | D        | Reached ****** piety under Makhleb
    26 | D        | Noticed a large bag of meat
    27 | D        | Reached skill level 27 in Fighting
    27 | D        | Reached XP level 18. HP: 167/167 MP: 0/0
    27 | D        | Reached XP level 19. HP: 174/174 MP: 0/0
    27 | D        | Learned a level 6 spell: Simulacrum
    27 | D        | Killed a large bag of meat
    27 | D        | Noticed an eight-headed meat hydra
    27 | D        | Noticed a meat berserker
    27 | D        | Noticed a large bag of meat
    28 | D        | Reached skill level 27 in Axes
    28 | D        | Reached skill level 27 in Dodging
    28 | D        | Killed a large bag of meat
    29 | D        | Reached skill level 1 in Slings
    29 | D        | Reached skill level 1 in Throwing
    29 | D        | Reached skill level 1 in Armour
    29 | D        | Reached skill level 1 in Shields
    29 | D        | Reached skill level 27 in Invocations
    29 | D        | Reached skill level 1 in Evocations
    29 | D        | Killed a destroyer
    29 | D        | Killed a large bag of meat
    29 | D        | Killed a meat berserker
    29 | D        | Noticed a meat berserker
    30 | D        | Reached skill level 5 in Long Blades
    30 | D        | Reached skill level 5 in Maces & Flails
    30 | D        | Reached skill level 5 in Polearms
    30 | D        | Reached skill level 5 in Slings
    30 | D        | Reached skill level 5 in Armour
    30 | D        | Reached skill level 5 in Shields
    30 | D        | Reached skill level 27 in Spellcasting
    30 | D        | Reached skill level 5 in Evocations
    30 | D        | Reached XP level 20. HP: 169/181 MP: 0/0
    30 | D        | Killed a meat berserker
    30 | D        | Noticed a meat berserker
    31 | D        | Reached skill level 5 in Bows
    31 | D        | Reached skill level 5 in Crossbows
    31 | D        | Reached skill level 5 in Throwing
    33 | D        | Reached skill level 5 in Unarmed Combat
    33 | D        | Reached XP level 21. HP: 170/187 MP: 0/0
    33 | D        | Learned a level 7 spell: Spellforged Servitor
    33 | D        | Killed a destroyer
    34 | D        | Reached skill level 10 in Slings
    34 | D        | Reached skill level 10 in Bows
    34 | D        | Reached skill level 10 in Crossbows
    34 | D        | Noticed a destroyer
    34 | D        | Killed a meat berserker
    36 | D        | Reached XP level 22. HP: 194/194 MP: 0/0
    36 | D        | Noticed an eight-headed meat hydra
    37 | D        | Noticed a destroyer
    37 | D        | Killed a meat berserker
    37 | D        | Killed a large bag of meat
    38 | D        | Killed a meat berserker
    38 | D        | Noticed a meat berserker
    38 | D        | Noticed a destroyer
    39 | D        | Noticed a destroyer
    40 | D        | Killed a destroyer
    40 | D        | Noticed a destroyer
    41 | D        | Reached skill level 15 in Armour
    41 | D        | Reached skill level 15 in Shields
    41 | D        | Killed a destroyer
    42 | D        | Reached skill level 15 in Slings
    42 | D        | Reached skill level 15 in Unarmed Combat
    42 | D        | Noticed a meat berserker
    42 | D        | Killed an eight-headed meat hydra
    44 | D        | Reached skill level 15 in Bows
    44 | D        | Reached skill level 15 in Crossbows
    44 | D        | Reached skill level 15 in Throwing
    44 | D        | Killed a destroyer
    45 | D        | Reached XP level 23. HP: 64/201 MP: 0/0
    45 | D        | Learned a level 7 spell: Summon Hydra
    48 | D        | Reached skill level 5 in Stealth
    54 | D        | Killed a destroyer
    55 | D        | Noticed an accursed
    56 | D        | Killed an accursed
    56 | D        | Noticed a tyrant
    57 | D        | Reached XP level 24. HP: 99/208 MP: 0/0
    57 | D        | Noticed a tyrant
    60 | D        | Killed a tyrant
    60 | D        | Noticed a tyrant
    63 | D        | Noticed a meat beast
    65 | D        | Noticed a dread
    67 | D        | Killed a tyrant
    68 | D        | Reached XP level 25. HP: 73/214 MP: 0/0
    68 | D        | Learned a level 9 spell: Fire Storm
    68 | D        | Killed a meat beast
    69 | D        | Killed a tyrant
    70 | D        | Reached XP level 26. HP: 185/221 MP: 0/0
    70 | D        | Noticed a dread
    71 | D        | Noticed a meat beast
    71 | D        | Killed a dread
    72 | D        | Reached skill level 27 in Armour
    72 | D        | Reached skill level 27 in Shields
    72 | D        | Reached skill level 27 in Evocations
    73 | D        | Killed a meat beast
    74 | D        | Reached skill level 27 in Unarmed Combat
    74 | D        | Reached XP level 27. HP: 78/228 MP: 0/0
    74 | D        | Learned a level 9 spell: Polar Vortex
    75 | D        | Noticed a meat beast
    76 | D        | Noticed a large bag of meat
    77 | D        | Killed a meat beast
    78 | D        | Reached skill level 27 in Slings
    78 | D        | Reached skill level 27 in Bows
    78 | D        | Reached skill level 27 in Crossbows
    78 | D        | Reached skill level 27 in Throwing
    78 | D        | Noticed The Captor
    79 | D        | Noticed a destroyer
    80 | D        | Reached skill level 27 in Stealth
    80 | D        | Noticed a meat beast
    81 | D        | Reached skill level 10 in Short Blades
    81 | D        | Reached skill level 10 in Long Blades
    81 | D        | Reached skill level 10 in Staves
    82 | D        | Killed a destroyer
    82 | D        | Noticed a dread
    84 | D        | Noticed a meat beast
    85 | D        | Reached skill level 15 in Short Blades
    85 | D        | Reached skill level 15 in Long Blades
    85 | D        | Reached skill level 15 in Staves
    86 | D        | Reached skill level 15 in Maces & Flails
    86 | D        | Reached skill level 15 in Polearms
    86 | D        | Noticed a large bag of meat
    86 | D        | Noticed a large bag of meat
    88 | D        | Killed a destroyer
    88 | D        | Killed a dread
    88 | D        | Killed a meat beast
    88 | D        | Noticed a tyrant
    88 | D        | Noticed an accursed
    89 | D        | Killed a meat beast
    89 | D        | Noticed a dread
    89 | D        | Noticed a dread
    89 | D        | Noticed a large bag of meat
    90 | D        | Killed a large bag of meat
    90 | D        | Noticed a meat beast
    90 | D        | Noticed a tyrant
    90 | D        | Noticed a tyrant
    91 | D        | Reached skill level 27 in Short Blades
    91 | D        | Reached skill level 27 in Long Blades
    91 | D        | Reached skill level 27 in Staves
    91 | D        | Noticed a meat beast
    91 | D        | Noticed a meat beast
    91 | D        | Noticed a meat beast
    92 | D        | Killed The Captor
    92 | D        | Noticed a meat beast
    92 | D        | Noticed a meat beast
    93 | D        | Killed a large bag of meat
    93 | D        | Killed a large bag of meat
    93 | D        | Noticed a meat beast
    93 | D        | Noticed a destroyer
    94 | D        | Reached skill level 27 in Maces & Flails
    94 | D        | Reached skill level 27 in Polearms
    94 | D        | Noticed a meat beast
    94 | D        | Noticed a meat beast
    95 | D        | Noticed a meat beast
    95 | D        | Killed a meat beast
    95 | D        | Killed a meat beast
    95 | D        | Killed an accursed
    95 | D        | Noticed a meat beast
    96 | D        | Noticed a meat beast
    96 | D        | Killed a destroyer
    96 | D        | Noticed a tyrant
    96 | D        | Noticed a meat beast
    96 | D        | Noticed a destroyer
    96 | D        | Noticed an accursed
    96 | D        | Noticed an accursed
    97 | D        | Killed a meat beast
    97 | D        | Killed a dread
    97 | D        | Killed a meat beast
    97 | D        | Noticed a tyrant
    97 | D        | Killed a large bag of meat
    98 | D        | Noticed a destroyer
    98 | D        | Killed an accursed
    98 | D        | Killed a meat beast
    98 | D        | Noticed a tyrant
    98 | D        | Noticed a large bag of meat
    99 | D        | Noticed an accursed
    99 | D        | Killed a meat beast
   100 | D        | Noticed a meat beast
   100 | D        | Noticed a destroyer
   101 | D        | Killed a destroyer
   101 | D        | Killed a meat beast
   101 | D        | Killed a large bag of meat
   101 | D        | Noticed a large bag of meat
   101 | D        | Noticed an accursed
   102 | D        | Killed a dread
   102 | D        | Killed a large bag of meat
   102 | D        | Noticed a meat beast
   102 | D        | Noticed a destroyer
   102 | D        | Noticed a large bag of meat
   103 | D        | Killed a meat beast
   103 | D        | Killed a destroyer
   103 | D        | HP: 9/228 [??? (7)]
   104 | D        | Killed a meat beast
   104 | D        | Noticed a destroyer
   105 | D        | Killed a meat beast
   105 | D        | Killed a destroyer
   105 | D        | Mangled by a meat beast

Illustrated notes

Levels and vault maps discovered:
D:        meatsprint

Skill      XL: |  1  2  3  4  5  6  7  8  9 10 11 12 13 14 15 16 17 18 19 20 21 22 23 24 25 26 27 |
---------------+----------------------------------------------------------------------------------+-----
Fighting       | 16 18 20 22 24 27 | 27.0
Axes           | 11 13 15 18 21 26 27 | 27.0
Dodging        | 17 19 21 23 24 26 27 | 27.0
Spellcasting   | 11 12 14 15 17 19 27 | 27.0
Invocations    | 14 15 17 20 22 24 27 | 27.0
Short Blades   | 6 7 27 | 27.0
Long Blades    | 5 7 27 | 27.0
Maces & Flails | 5 6 27 | 27.0
Polearms       | 5 6 27 | 27.0
Staves         | 6 7 27 | 27.0
Slings         | 5 8 12 16 19 21 23 26 27 | 27.0
Bows           | 4 7 11 16 19 21 23 26 27 | 27.0
Crossbows      | 4 7 11 16 19 21 23 26 27 | 27.0
Throwing       | 4 7 11 16 18 21 23 26 27 | 27.0
Armour         | 5 8 13 18 21 24 26 27 | 27.0
Shields        | 5 8 13 18 21 24 26 27 | 27.0
Evocations     | 5 8 13 18 21 24 26 27 | 27.0
Stealth        | 2 3 4 5 6 7 9 27 | 27.0
Unarmed Combat | 5 11 16 19 22 24 27 | 27.0

Action                   |  1- 3 |  4- 6 |  7- 9 | 10-12 | 13-15 | 16-18 | 19-21 | 22-24 | 25-27 || total
-------------------------+-------+-------+-------+-------+-------+-------+-------+-------+-------++-------
Melee: Executioner's axe |     1 |       |       |       |     6 |     4 |     8 |    18 |    32 ||    69
 Cast: Fire Storm        |       |       |       |       |       |       |       |       |     1 ||     1
       Polar Vortex      |       |       |       |       |       |       |       |       |     1 ||     1
  Use: Scroll            |       |       |       |       |       |       |       |     1 |       ||     1
       Potion            |       |       |       |       |       |       |       |     1 |       ||     1
Dodge: Dodged            |       |       |       |       |       |       |       |     1 |     7 ||     8
